 Dungeon Sprint DCSS version 0.17-a0-1504-gb7d9117 (webtiles) character file.

9214 nuthulu the Arsonist (level 11, -29/74 HPs)
             Began as a Green Draconian Fire Elementalist on July 7, 2015.
             Was the Champion of Vehumet.
             Killed from afar by a Shadow Fiend (36 damage)
             ... with a bolt of cold
             ... in the Dungeon (Sprint V: "Ziggurat Sprint").
             The game lasted 00:07:14 (1086 turns).

nuthulu the Arsonist (DrFE)                         Turns: 1086, Time: 00:07:14

Health: -29/74     AC:  8    Str: 11    XL:     11   Next: 20%
Magic:  23/27      EV: 20    Int: 30    God:    Vehumet [******]
Gold:   0          SH:  0    Dex: 15    Spells: 5 memorised, 10 levels left

rFire  . . .     SeeInvis .     (no weapon)
rCold  . . .     Clarity  .     (armour unavailable)
rNeg   . . .     SustAt   .     (no shield)
rPois  +         Gourm    .     (helmet restricted)
rElec  .         Spirit   .     (no cloak)
rCorr  .         Warding  .     J - +0 pair of gloves {Dex+3}
rMut   .         NoTele   +     (no boots)
MR     .....                    (no amulet)
Stlth  ++........               E - +6 ring of intelligence
                                D - +6 ring of intelligence

@: very slightly contaminated, not resistant to hostile enchantments, unstealthy
A: breathe noxious fumes, unfitting armour, poison resistance, cold-blooded, AC
+7
a: Breathe Noxious Fumes, Renounce Religion


You were in the Dungeon.
You worshipped Vehumet.
Vehumet was exalted by your worship.
You were not hungry.

You visited 1 branch

Inventory:

Armour
 J - a +0 pair of gloves of dexterity (worn)
 O - a +2 helmet of intelligence
Rods
 N - a +3 rod of destruction (9/9)
   (You found it in the Dungeon)
Jewellery
 r - an uncursed ring of stealth
 B - a +6 ring of dexterity
 C - a +6 ring of dexterity
 D - a +6 ring of intelligence (left hand)
 E - a +6 ring of intelligence (right hand)
 F - a +6 ring of strength
 G - a +6 ring of strength
 I - the ring of Equivalence {rPois rF+ Str+5}
   (You took it off an orc wizard in the Dungeon)

   [ring of strength]

   It affects your strength (+5).
   It protects you from fire.
   It protects you from poison.
 K - the ring "Hytaeb" {Fire Int+2}
   (You found it in the Dungeon)

   [ring of fire]

   It enhances your fire magic, and weakens your ice magic.
   It affects your intelligence (+2).
   It protects you from fire.
   It makes you vulnerable to cold.
 M - the ring of Eternity {rPois rC+}
   (You found it in the Dungeon)

   [ring of protection from cold]

   It protects you from cold.
   It protects you from poison.
Magical devices
 l - a wand of hasting (3)
 x - a wand of disintegration (7)
 y - a wand of fire (3)
 z - a wand of cold (2)
 A - a wand of draining (5)
Scrolls
 h - 3 scrolls of blinking
 o - 4 scrolls of amnesia
 p - 3 scrolls of recharging
 q - 7 scrolls of fog
 s - 5 scrolls of identify
 t - 5 scrolls of remove curse
 u - 2 scrolls of fear
Potions
 c - 10 potions of curing
 d - 8 potions of heal wounds
 e - 6 potions of haste
 f - 6 potions of magic
 g - 2 potions of berserk rage
 i - 2 potions of brilliance
 j - 2 potions of invisibility
 k - 4 potions of resistance
 m - 5 potions of agility
 n - 5 potions of might
Books
 a - a book of Flames

   Spells                             Type                      Level
   a - Flame Tongue                   Conjuration/Fire             1
   b - Throw Flame                    Conjuration/Fire             2
   c - Conjure Flame                  Conjuration/Fire             3
   d - Inner Flame                    Hexes/Fire                   3
   e - Sticky Flame                   Conjuration/Fire             4
   f - Fireball                       Conjuration/Fire             5
 H - a Fen Folio

   Spells                             Type                      Level
   a - Corpse Rot                     Necromancy                   2
   b - Stone Arrow                    Conjuration/Earth            3
   c - Leda's Liquefaction            Hexes/Earth                  4
   d - Summon Forest                  Summoning/Translocation      5
   e - Hydra Form                     Transmutation                6
   f - Summon Hydra                   Summoning                    7
 L - a book of Power

   Spells                             Type                      Level
   a - Fulminant Prism                Conjuration/Hexes            4
   b - Iskenderun's Mystic Blast      Conjuration                  4
   c - Venom Bolt                     Conjuration/Poison           5
   d - Bolt of Magma                  Conjuration/Fire/Earth       5
   e - Iron Shot                      Conjuration/Earth            6
   f - Orb of Destruction             Conjuration                  7
   g - Spellforged Servitor           Conjuration/Summoning        7
Comestibles
 b - 5 bread rations
 v - 42 fruits
 w - 4 meat rations


   Skills:
 + Level 11.9 Dodging
 - Level 1.7 Stealth
 + Level 12.0 Spellcasting
 + Level 12.7 Conjurations
 + Level 10.8 Transmutations
 + Level 13.0 Fire Magic


You had 10 spell levels left.
You knew the following spells:

 Your Spells              Type           Power        Failure   Level  Hunger
a - Flame Tongue          Conj/Fire      #####        0%          1    None
b - Fireball              Conj/Fire      #######...   1%          5    ##.....
c - Hydra Form            Trmt           ######....   8%          6    ####...
d - Bolt of Magma         Conj/Fire/Erth ######....   1%          5    ##.....
e - Orb of Destruction    Conj           #######...   4%          7    ######.


Dungeon Overview and Level Annotations

Branches:
Dungeon (1/1)

Altars:
Ashenzari
Cheibriados
Dithmenos
Elyvilon
Fedhas
Gozag
Kikubaaqudgha
Makhleb
Nemelex Xobeh
Okawaru
Qazlal
Ru
Sif Muna
Trog
Vehumet
Xom
Yredelemnul
Zin
The Shining One
Beogh
Jiyva
Lugonu


Innate Abilities, Weirdness & Mutations

You can breathe blasts of noxious fumes.
Your lurid green scales are hard (AC +7).
Your body does not fit into most forms of armour.
Your system is resistant to poisons.
You are cold-blooded and may be slowed by cold attacks.


Message History

The Shadow Fiend is heavily wounded.
The fireball engulfs the green death.
The green death is moderately wounded.
The fireball engulfs the blizzard demon.
The blizzard demon is burned terribly!
You kill the blizzard demon!
Vehumet accepts your kill.
You feel your power returning.
The fireball engulfs the orange demon.
You kill the orange demon!
Vehumet accepts your kill.
You feel your power returning.
Your Spellcasting skill increases to level 12!
Your Fire Magic skill increases to level 13!
The Ice Fiend gestures at you. The bolt of cold hits you!
Ouch! That really hurt!
* * * LOW HITPOINT WARNING * * *
The Shadow Fiend gestures at you. The bolt of cold hits you!
You die...

▓...})."..▓
▓..||}}!..▓.YdSd....▓
▓...3h4...▓..%dd....▓
▓.........▓.d..dd...▓
▓...211...▓.k.......▓
▓...1.....▓.........▓
▓.........▓....)....▓
▓.▓.....▓.▓.........▓
▓....@....▓▓▓▓▓▓▓▓▓▓▓
▓▓▓▓▓▓▓▓▓▓▓


You could see an Ice Fiend, a Shadow Fiend, a green death, an Executioner, a
blue devil, a neqoxec and a hell hound.

Vanquished Creatures
  A blizzard demon (D)
  A green death (D)
  A yaktaur captain (D)
  4 spriggans (D)
  A spriggan druid (D)
  A draconian (D)
  A cyclops (D)
  A black mamba (D)
  An orange demon (D)
  A deep elf priest (D)
  5 merfolk (D)
  A jumping spider (D)
  A slime creature (D)
  A deep elf mage (D)
  A wraith (D)
  A wolf (D)
  2 hippogriffs (D)
  A mottled dragon (D)
  2 hell hounds (D)
  A swamp drake (D)
  An orc warrior (D)
  4 wasps (D)
  A centaur (D)
  2 scorpions (D)
  A crimson imp (D)
  An orc priest (D)
  5 orc wizards (D)
  3 sheep (D)
  An ufetubus (D)
  4 orcs (D)
  A bat zombie (D)
53 creatures vanquished.

Vanquished Creatures (others)
  A hippogriff (D)
  A sheep (D)
2 creatures vanquished.

Grand Total: 55 creatures vanquished

Notes
Turn   | Place    | Note
--------------------------------------------------------------
     0 | D        | nuthulu the Draconian Fire Elementalist began the quest for the Orb.
     0 | D        | Reached XP level 1. HP: 14/14 MP: 3/3
     0 | D        | Found a roughly hewn altar of Beogh.
     0 | D        | Found a corrupted altar of Lugonu.
     0 | D        | Found a viscous altar of Jiyva.
     0 | D        | Found a white marble altar of Elyvilon.
     0 | D        | Found a sparkling altar of Nemelex Xobeh.
     0 | D        | Found a burning altar of Makhleb.
     0 | D        | Found an iron altar of Okawaru.
     0 | D        | Found a deep blue altar of Sif Muna.
     0 | D        | Found a radiant altar of Vehumet.
     0 | D        | Found a bloodstained altar of Trog.
     0 | D        | Found a shimmering altar of Xom.
    25 | D        | Became a worshipper of Vehumet
    26 | D        | Reached skill level 4 in Fire Magic
    26 | D        | Reached XP level 2. HP: 20/20 MP: 3/6
    56 | D        | Entered arena 1.
    56 | D        | Noticed a deep elf priest
    56 | D        | Noticed a deep elf mage
    58 | D        | Killed a deep elf mage
    58 | D        | Reached skill level 5 in Dodging
    58 | D        | Reached skill level 5 in Spellcasting
    58 | D        | Reached skill level 5 in Conjurations
    58 | D        | Reached skill level 6 in Fire Magic
    58 | D        | Reached XP level 3. HP: 26/26 MP: 7/10
    58 | D        | Reached XP level 4. HP: 33/33 MP: 7/11
    58 | D        | Reached XP level 5. HP: 38/38 MP: 8/13
    61 | D        | Killed a deep elf priest
    61 | D        | Reached skill level 7 in Conjurations
    61 | D        | Reached XP level 6. HP: 43/45 MP: 8/15
    68 | D        | Learned a level 5 spell: Fireball
    83 | D        | Learned a level 6 spell: Hydra Form
    84 | D        | Entered arena 2.
    84 | D        | Noticed a jumping spider
    84 | D        | Noticed a scorpion
    84 | D        | Noticed a scorpion
    85 | D        | Killed a scorpion
    85 | D        | Acquired Vehumet's first power
    85 | D        | Offered knowledge of Shock by Vehumet.
    85 | D        | Reached skill level 1 in Transmutations
    85 | D        | Reached skill level 8 in Fire Magic
    86 | D        | Killed a scorpion
    87 | D        | Killed a jumping spider
    87 | D        | Your scales start taking on a lurid green colour.
    87 | D        | Gained mutation: Your system is resistant to poisons. [Green Draconian growth]
    87 | D        | Reached XP level 7. HP: 50/50 MP: 3/18
   189 | D        | Entered arena 3.
   189 | D        | Noticed an orc wizard
   189 | D        | Noticed an orc wizard
   189 | D        | Noticed an orc wizard
   191 | D        | Killed an orc wizard
   192 | D        | Killed an orc wizard
   195 | D        | Killed an orc wizard
   197 | D        | Got the ring of Equivalence {rPois rF+ Str+5}
   240 | D        | Entered arena 4.
   240 | D        | Noticed a yaktaur captain
   240 | D        | Noticed a slime creature
   240 | D        | Noticed a wraith
   240 | D        | Noticed a mottled dragon
   243 | D        | Killed a wraith
   243 | D        | Offered knowledge of Sting by Vehumet.
   243 | D        | Acquired Vehumet's second power
   243 | D        | Reached skill level 9 in Fire Magic
   244 | D        | Killed a mottled dragon
   244 | D        | Reached XP level 8. HP: 57/57 MP: 2/20
   244 | D        | Killed a slime creature
   247 | D        | Killed a yaktaur captain
   247 | D        | Reached skill level 10 in Fire Magic
   275 | D        | Got the ring "Hytaeb" {Fire Int+2}
   330 | D        | Identified the Grimoire of the Rocks and the Glacier (You found it in the Dungeon)
   332 | D        | Entered arena 5.
   332 | D        | Noticed a crimson imp
   332 | D        | Noticed a hell hound
   332 | D        | Noticed a hell hound
   333 | D        | Acquired Vehumet's third power
   334 | D        | Killed a hell hound
   334 | D        | Reached XP level 9. HP: 62/62 MP: 19/22
   334 | D        | Killed a hell hound
   334 | D        | Killed a crimson imp
   350 | D        | Entered arena 6.
   350 | D        | Noticed a merfolk
   350 | D        | Noticed a cyclops
   350 | D        | Noticed a centaur
   351 | D        | Killed a centaur
   351 | D        | Reached skill level 10 in Conjurations
   352 | D        | Killed a cyclops
   360 | D        | Killed a merfolk
   475 | D        | Entered arena 7.
   475 | D        | Noticed a spriggan druid
   475 | D        | Noticed a spriggan rider
   475 | D        | Noticed a spriggan rider
   475 | D        | Noticed a spriggan rider
   475 | D        | Noticed a spriggan rider
   476 | D        | Noticed a wolf
   477 | D        | Killed a spriggan rider
   477 | D        | Offered knowledge of Throw Frost by Vehumet.
   477 | D        | Killed a wasp
   477 | D        | Reached skill level 10 in Spellcasting
   477 | D        | Reached skill level 10 in Dodging
   477 | D        | Reached skill level 11 in Fire Magic
   478 | D        | Killed a spriggan rider
   478 | D        | Killed a wasp
   478 | D        | Reached XP level 10. HP: 54/69 MP: 18/24
   480 | D        | Killed a spriggan
   480 | D        | Killed a wasp
   480 | D        | Killed a wolf
   486 | D        | Killed a wasp
   499 | D        | Killed a spriggan druid
   501 | D        | Killed a spriggan
   501 | D        | Reached skill level 12 in Fire Magic
   769 | D        | Learned a level 5 spell: Bolt of Magma
   777 | D        | Learned a level 7 spell: Orb of Destruction
   782 | D        | Got the ring of Eternity {rPois rC+}
   785 | D        | Entered arena 8.
   785 | D        | Noticed an orc wizard
   785 | D        | Noticed an orc wizard
   785 | D        | Noticed an orc priest
   785 | D        | Noticed an orc warrior
   787 | D        | Offered knowledge of Force Lance by Vehumet.
   788 | D        | Killed an orc priest
   788 | D        | Killed an orc wizard
   789 | D        | Killed an orc wizard
   790 | D        | Killed an orc warrior
   927 | D        | Entered arena 9.
   927 | D        | Noticed a merfolk
   927 | D        | Noticed a hippogriff
   927 | D        | Noticed a hippogriff
   927 | D        | Noticed a merfolk
   927 | D        | Noticed a merfolk
   927 | D        | Noticed a hippogriff
   927 | D        | Noticed a merfolk
   927 | D        | Noticed a swamp drake
   930 | D        | Killed a hippogriff
   932 | D        | Killed a hippogriff
   933 | D        | Killed a merfolk
   933 | D        | Offered knowledge of Iskenderun's Battlesphere by Vehumet.
   933 | D        | Killed a merfolk
   933 | D        | Killed a hippogriff
   934 | D        | Killed a merfolk
   935 | D        | Killed a merfolk
   936 | D        | Killed a swamp drake
  1048 | D        | Got the ring "Qeinit" {rC+ MR+ Str+2}
  1074 | D        | Entered arena 10.
  1074 | D        | Noticed an apis
  1074 | D        | Noticed a draconian
  1074 | D        | Noticed a black draconian
  1074 | D        | Noticed a draconian
  1074 | D        | Noticed a draconian
  1074 | D        | Noticed a draconian
  1074 | D        | Noticed a death cob
  1074 | D        | Noticed a draconian
  1074 | D        | Noticed a draconian
  1074 | D        | Noticed a purple draconian
  1074 | D        | Noticed a swamp drake
  1075 | D        | Noticed a water moccasin
  1077 | D        | Killed a draconian
  1077 | D        | Offered knowledge of Bolt of Draining by Vehumet.
  1077 | D        | Reached skill level 10 in Transmutations
  1081 | D        | Entered arena 11.
  1081 | D        | Noticed a Shadow Fiend
  1081 | D        | Noticed a blizzard demon
  1081 | D        | Noticed a green death
  1081 | D        | Noticed a neqoxec
  1081 | D        | Noticed a blue devil
  1082 | D        | Noticed a black mamba
  1082 | D        | Noticed a hell hound
  1082 | D        | Noticed an orange demon
  1082 | D        | Noticed a green death
  1083 | D        | Noticed an Ice Fiend
  1083 | D        | Noticed an Executioner
  1085 | D        | Killed a green death
  1085 | D        | Reached XP level 11. HP: 50/74 MP: 23/26
  1085 | D        | Killed a black mamba
  1086 | D        | Killed a blizzard demon
  1086 | D        | Killed an orange demon
  1086 | D        | Reached skill level 13 in Fire Magic
  1086 | D        | Killed from afar by a Shadow Fiend

Vault maps used:
D:        sprint_v

Action                   |  1- 3 |  4- 6 |  7- 9 | 10-12 || total
-------------------------+-------+-------+-------+-------++-------
Melee: Unarmed           |       |       |     5 |    16 ||    21
 Cast: Fireball          |       |     1 |    11 |    15 ||    27
       Flame Tongue      |       |     1 |     6 |       ||     7
       Hydra Form        |       |       |     1 |     1 ||     2
       Bolt of Magma     |       |       |       |     5 ||     5
       Orb of Destructio |       |       |       |     2 ||     2
Evoke: Wand              |     1 |     4 |       |       ||     5
  Use: Potion            |     1 |       |       |     4 ||     5
       Scroll            |       |       |     1 |     1 ||     2
